 Dungeon Crawl Stone Soup version 0.25-a0-294-gea9b1ad378 (webtiles) character file.

Game seed: 2165019926398515229, levelgen mode: deterministic

61 mopl the Ruffian (level 3, -8/28 HPs)
             Began as a Minotaur Transmuter on Dec 16, 2019.
             Mangled by a two-headed ogre
             ... wielding a +0 giant spiked club
             ... created by the fury of Okawaru
              (15 damage)
             ... on level 2 of the Dungeon.
             The game lasted 00:01:48 (980 turns).

mopl the Ruffian (Minotaur Transmuter)               Turns: 980, Time: 00:01:48

Health: -8/28      AC:  5    Str: 14    XL:     3   Next: 83%
Magic:  5/5        EV: 11    Int: 11    God:
Gold:   48         SH:  0    Dex: 10    Spells: 0/6 levels left

rFire    . . .     SeeInvis .     - Unarmed
rCold    . . .     Gourm    .   (no shield)
rNeg     . . .     Faith    .   g - +0 ring mail (curse)
rPois    .         Spirit   .   (helmet restricted)
rElec    .         Reflect  .   (no cloak)
rCorr    .         Harm     .   (no gloves)
MR       .....                  (no boots)
Stlth    ..........             (no amulet)
HPRegen  0.09/turn              (no ring)
MPRegen  0.09/turn              (no ring)

@: no status effects
A: retaliatory headbutt, horns 2
a: no special abilities


You were on level 2 of the Dungeon.
You were not hungry.

You visited 1 branch of the dungeon, and saw 2 of its levels.

You collected 48 gold pieces.

Inventory:

Missiles
 a - 12 arrows
 i - 19 poisoned darts (quivered)
 k - 8 datura-tipped darts
 l - a throwing net
 p - 5 javelins
Armour
 b - a +0 robe
 g - a cursed +0 ring mail (worn)
Scrolls
 c - a scroll of fog {unknown}
 h - 3 scrolls of identify {unknown}
 m - a scroll of noise {unknown}
Potions
 e - a potion of brilliance {unknown}
 f - a potion of cancellation {unknown}
 j - a potion of degeneration {unknown}
 n - a potion of flight {unknown}
 o - a potion of heal wounds {unknown}
Comestibles
 d - 3 rations


   Skills:
 - Level 1.2 Fighting
 - Level 2.1 Dodging
 + Level 4.0 Unarmed Combat
 + Level 2.0 Spellcasting
 + Level 2.3 Transmutations


You couldn't memorise any spells.
You knew the following spells:

 Your Spells              Type           Power        Failure   Level  Hunger
a - Beastly Appendage     Tmut           #.....       22%         1    ##.....
b - Sticks to Snakes      Tmut           #.......     34%         2    ###....
c - Spider Form           Tmut/Pois      #.........   73%         3    ####...

Your spell library contained the following spells:

 Spells                   Type           Power        Failure   Level  Hunger
 Animate Skeleton         Necr           N/A          52%         1    ##.....
 Ice Form                 Ice/Tmut       #.......     98%         4    #####..
 Blade Hands              Tmut           #.........   99%         5    ######.


Dungeon Overview and Level Annotations

Branches:
Dungeon (2/15)

Altars:
Kikubaaqudgha
Okawaru
Sif Muna
Vehumet


Innate Abilities, Weirdness & Mutations

You reflexively headbutt those who attack you in melee.
You have a pair of horns on your head.


Message History

The two-headed ogre hits you with a +0 dire flail!
* * * LOW HITPOINT WARNING * * *
Found 10 gold pieces.
A bat comes into view.
Found a radiant altar of Vehumet.
The bat hits you but does no damage. The bat hits you but does no damage.
A rat comes into view.
Found an engraved book.
Found an ancient bone altar of Kikubaaqudgha.
The rat barely misses you. You furiously retaliate!
You headbutt the rat!
You kill the rat!
Found a shimmering blue altar of Sif Muna.
You see here Kikubaaqudgha's Grimoire of Evil Magic.
You pick up Kikubaaqudgha's Grimoire of Evil Magic and begin reading...
You add the spell Animate Skeleton to your library.
The bat hits you but does no damage.
The two-headed ogre hits you with a +0 giant spiked club!
Ouch! That really hurt!
You die...

.# #...........###.........≈≈≈≈
.######..........#..........≈.≈P≈
...................###.........≈≈
######............#####........#≈
...............##._.##.......#
#####........### ...8###....##
........#.##8##...##8##.###
#.####..###..b##.##...#.# ...
#.## #_@S......._#.# .. #.#
#..O#.⌠.#...#b## #.#
#8##..†##8##...# .. ..#
###...###.### # ##. #......$# ##
#...####### #####


You could see a two-headed ogre, a bat and a ball python.

Vanquished Creatures
  An adder (D:2)
  A worm (D:2)
  A dart slug (D:1)
  5 leopard geckos
  5 giant cockroaches
  4 hobgoblins
  4 bats
  4 frilled lizards
  2 goblins (D:1)
  3 kobolds (D:1)
  16 rats
46 creatures vanquished.

Notes
Turn   | Place    | Note
-------+----------+-------------------------------------------
     0 | D:1      | mopl the Minotaur Transmuter began the quest for the Orb.
     0 | D:1      | Reached XP level 1. HP: 16/16 MP: 1/1
    43 | D:1      | Reached XP level 2. HP: 18/23 MP: 3/3
   224 | D:1      | Reached skill level 2 in Transmutations
   420 | D:1      | Reached XP level 3. HP: 28/28 MP: 4/4
   428 | D:1      | Learned a level 2 spell: Sticks to Snakes
   731 | D:2      | Reached skill level 4 in Unarmed Combat
   760 | D:2      | Reached skill level 2 in Spellcasting
   767 | D:2      | Found a faded altar of an unknown god.
   772 | D:2      | Learned a level 3 spell: Spider Form
   781 | D:2      | Became a worshipper of Warmaster Okawaru
   781 | D:2      | Reached * piety under Okawaru
   782 | D:2      | Fell from the grace of Okawaru
   918 | D:2      | Noticed a two-headed ogre
   968 | D:2      | Found a radiant altar of Vehumet.
   973 | D:2      | Found an ancient bone altar of Kikubaaqudgha.
   975 | D:2      | Found a shimmering blue altar of Sif Muna.
   979 | D:2      | Identified Kikubaaqudgha's Grimoire of Evil Magic
   980 | D:2      | Mangled by a two-headed ogre

Levels and vault maps discovered:
D:1:      erik_arrival_orb_chamber, layout_basic
D:2:      layout_rooms, grunt_temple_overflow_magic_moments, old_standard_altar,
          chequers_ecumenical_altar_simple_redux, chequers_big_river

Skill      XL: |  1  2  3 |
---------------+----------+-----
Transmutations | 2 |  2.3
Unarmed Combat | 4 |  4.0
Spellcasting   | 2 |  2.0
Fighting       | |  1.2
Dodging        | |  2.1

Action                   || total
-------------------------++-------
Melee: Unarmed           ||   118
       Headbutt          ||    13
Invok: Renounce Religion ||     1
Armor: Robe              ||     4
       Ring mail         ||    29
Dodge: Dodged            ||    69

Table legend:
 A = Non-vault XP
 B = Vault XP
 C = Vault XP percentage of total XP
 D = Non-vault monster count
 E = Vault monster count
 F = Vault count percentage of total count
                 A         B        C        D         E       F
            +---------+---------+-------+---------+---------+-------
      Total |      76 |      12 |  13.6 |      34 |      12 |  26.1
            +---------+---------+-------+---------+---------+-------
        D:1 |      38 |      12 |  24.0 |      22 |      12 |  35.3
        D:2 |      38 |       0 |   0.0 |      12 |       0 |   0.0
            +---------+---------+-------+---------+---------+-------
